 Dungeon Crawl Stone Soup version 0.28.0-1-gb440e238dd (webtiles) character file.

Game seed: 8790587283269727939

9837 cbfl8 the Carver (level 11, -9/99 HPs)
             Began as a Hill Orc Delver on Feb 26, 2022.
             Was an Initiate of Beogh.
             Mangled by a brown ugly thing (15 damage)
             ... on level 12 of the Dungeon.
             The game lasted 00:25:55 (13389 turns).

cbfl8 the Carver (Hill Orc Delver)                 Turns: 13389, Time: 00:25:56

Health: -9/99      AC:  0    Str: 20    XL:     11   Next: 52%
Magic:  11/11      EV: 10    Int: 10    God:    Beogh [......]
Gold:   554        SH: 10    Dex: 18    Spells: 10/10 levels left

rFire   . . .      SeeInvis .   u - +10 falchion of the Key {holy, rC+ rN++}
rCold   + . .      Faith    .   K - +0 kite shield
rNeg    + + .      Spirit   .   p - +0 scale mail
rPois   .          Reflect  .   (no helmet)
rElec   .          Harm     .   w - +0 cloak
rCorr   .          Rampage  .   G - +0 pair of gloves
Will    +....                   (no boots)
Stlth   ++........              x - amulet of regeneration
HPRegen 1.06/turn               y - +6 ring of dexterity
MPRegen 0.12/turn               I - ring of willpower

@: corroded
A: no striking features
a: Renounce Religion


You were on level 12 of the Dungeon.
You worshipped Beogh.
Beogh was noncommittal.
You visited 2 branches of the dungeon, and saw 13 of its levels.

You collected 626 gold pieces.
You spent 72 gold pieces at shops.

Inventory:

Hand Weapons
 h - a +4 flail of protection
 u - the +10 falchion of the Key (weapon) {holy, rC+ rN++}
   (You found it on level 3 of the Dungeon)

   It has been blessed by the Shining One to cause great damage to the undead
   and demons.
   rC:        It protects you from cold.
   rN:        It greatly protects you from negative energy.
 v - a +2 quarterstaff of chaos
 F - a +5 long sword of freezing
 J - a +2 trident of flaming
Armour
 p - a +0 scale mail (worn)
 w - a +0 cloak (worn)
 G - a +0 pair of gloves (worn)
 K - a +0 kite shield (worn)
Jewellery
 j - a ring of positive energy
 x - an amulet of regeneration (around neck)
 y - a +6 ring of dexterity (left hand)
 E - a ring of fire
 I - a ring of willpower (right hand)
Wands
 g - a wand of digging (3)
 r - a wand of paralysis (6)
 z - a wand of iceblast (14)
 C - a wand of acid (10)
 D - a wand of mindburst (13)
Scrolls
 c - 2 scrolls of fog
 d - 4 scrolls of amnesia
 k - 3 scrolls of fear
 l - a scroll of noise
 o - 2 scrolls of enchant weapon
 q - a scroll of brand weapon
 s - a scroll of immolation {unknown}
 t - 5 scrolls of teleportation
 A - a scroll of acquirement {unknown}
 B - a scroll of enchant armour {unknown}
 H - 4 scrolls of vulnerability
Potions
 a - a potion of heal wounds
 b - a potion of lignification {unknown}
 e - 3 potions of attraction {unknown}
 f - 2 potions of haste
 i - 4 potions of mutation
 m - 6 potions of degeneration
 n - 2 potions of cancellation {unknown}
 L - a potion of experience {unknown}
 M - 4 potions of flight {unknown}


   Skills:
 + Level 9.7 Fighting
 + Level 11.5 Long Blades
 + Level 6.0 Axes
 + Level 9.7 Armour
 + Level 4.4 Dodging
 + Level 5.2 Stealth
 + Level 4.0 Shields


You had 10 spell levels left.
You didn't know any spells.
Your spell library contained the following spells:

 Spells                   Type           Power      Damage    Failure   Level
 Animate Skeleton         Necr           0%         N/A       95%         1
 Apportation              Tloc           0%         N/A       95%         1
 Summon Small Mammal      Summ           0%         N/A       95%         1
 Call Canine Familiar     Summ           0%         N/A       100%        3
 Portal Projectile        Hex/Tloc       0%         N/A       100%        3
 Leda's Liquefaction      Hex/Erth       0%         N/A       100%        4


Dungeon Overview and Level Annotations

Branches:
Dungeon (12/15)            Temple (1/1) D:5            Lair (0/6) D:11
    Orc: D:9-12

Altars:
Ashenzari
Cheibriados
Dithmenos
Elyvilon
Fedhas
Gozag
Hepliaklqana
Kikubaaqudgha
Makhleb
Nemelex Xobeh
Okawaru
Qazlal
Ru
Sif Muna
Trog
Uskayaw
Vehumet
Wu Jian
Xom
Yredelemnul
Zin
The Shining One
Beogh

Shops:
D:2 *   D:5 *   D:8 (

Portals:
Trove: D:10 (give 2 scrolls of acquirement)

Annotations:
D:7 2 transporters


Message History

You block the brown ugly thing's attack.
You hit the brown ugly thing.
The brown ugly thing is lightly wounded.
The brown ugly thing punches you!
You are splashed with acid!
You closely miss the brown ugly thing.
The brown ugly thing is lightly wounded.
You block the brown ugly thing's attack.
You hit the brown ugly thing.
The brown ugly thing is lightly wounded.
You slash the brown ugly thing!
The brown ugly thing is lightly wounded.
The brown ugly thing barely misses you.
You block the brown ugly thing's attack.
You barely miss the brown ugly thing.
The brown ugly thing is lightly wounded.
The brown ugly thing punches you!
You are splashed with acid.
You slash the brown ugly thing!
The brown ugly thing is moderately wounded.
You hit the brown ugly thing.
The brown ugly thing is moderately wounded.
The brown ugly thing punches you but does no damage.
The boulder beetle leaps!
Things that are here:
a +0 dagger; a +2 robe of resistance You completely miss the brown ugly thing.
The brown ugly thing is moderately wounded.
The brown ugly thing punches you!
* * * LOW HITPOINT WARNING * * *
The acid corrodes you!
You are splashed with acid!
* * * LOW HITPOINT WARNING * * *
You slash the brown ugly thing!
The brown ugly thing is heavily wounded.
The brown ugly thing punches you.
* * * LOW HITPOINT WARNING * * *
You are splashed with acid!
* * * LOW HITPOINT WARNING * * *
You barely miss the brown ugly thing.
The brown ugly thing is heavily wounded.
The brown ugly thing punches you!
You die...

.#
#..#.##......#
.#
###.#.##......#
.#
#.............#
.#
#....####.....#
.# #....#
#.....# .#
#....# #####.#
.# #..<.# #.#
.# #....# #u#
.######### #@#
.........# #.#
########.# #.#
.......#.# #.#
.#####.#.# #.#
.# #.#.# #.# .#
#.#.# #.# .#
#.#.#######.#
.#
#..<........#


You could see a brown ugly thing.

Vanquished Creatures
  A centaur warrior (D:9)
  A two-headed ogre (D:8)
  Nergalle (D:12)
  2 centaur zombies
  A gargoyle (D:10)
  Joseph (D:10)
  A komodo dragon (D:11)
  Grinder (D:5)
  A troll (D:9)
  A wyvern (D:9)
  4 yaks
  2 vampires (D:11)
  Menkaure (D:6)
  Edmund (D:5)
  2 acid dragons
  2 water moccasins
  2 ice beasts
  6 orc warriors
  An ogre (D:5)
  A necrophage (D:6)
  9 centaurs
  A phantom (D:6)
  A kobold brigand (D:9)
  A scorpion (D:4)
  4 bullfrogs
  3 gnoll sergeants
  A wyvern skeleton (D:7)
  A water moccasin skeleton (D:6)
  14 killer bees
  4 wights (D:6)
  An electric eel (D:12)
  4 howler monkeys (D:10)
  A bullfrog skeleton (D:6)
  A jelly (D:7)
  2 centaur skeletons
  12 orc priests
  3 hounds
  Crazy Yiuf (D:3)
  Natasha (D:3)
  2 iguanas (D:4)
  7 orc wizards
  4 howler monkey zombies
  11 gnolls
  3 howler monkey skeletons
  3 adders
  A white imp (D:8)
  An ufetubus (D:5)
  An adder skeleton (D:4)
  A worm (D:4)
  2 dart slugs
  46 orcs
  6 bats
  9 endoplasms
  3 giant cockroaches
  6 goblins
  7 hobgoblins
  7 kobolds
  A quokka (D:4)
  9 ball pythons
  3 frilled lizards
  4 rats
235 creatures vanquished.

Vanquished Creatures (others)
  5 plants (D:7)
5 creatures vanquished.

Grand Total: 240 creatures vanquished

Notes
Turn   | Place    | Note
-------+----------+-------------------------------------------
     0 | D:5      | cbfl8 the Hill Orc Delver began the quest for the Orb.
     0 | D:5      | Reached XP level 1. HP: 19/19 MP: 1/1
     9 | D:5      | Found a staircase to the Ecumenical Temple.
    14 | Temple   | Entered the Ecumenical Temple
   337 | D:5      | Noticed Grinder
   373 | D:5      | Found Icvuxe's CLEARANCE SALE!.
   421 | D:4      | Reached XP level 2. HP: 3/27 MP: 2/2
  1205 | D:1      | Reached skill level 1 in Armour
  1230 | D:1      | Reached XP level 3. HP: 26/33 MP: 3/3
  1933 | D:2      | You fall into a shaft and drop 1 floor!
  1952 | D:3      | Noticed Natasha
  2540 | D:2      | Found a faded altar of an unknown god.
  2909 | D:2      | Reached XP level 4. HP: 40/40 MP: 4/4
  3192 | D:2      | Found Roihike's Assorted Antiques.
  3203 | D:2      | Bought a crooked fluorescent wand for 72 gold pieces
  3351 | D:3      | Killed Natasha
  3356 | D:3      | Reached XP level 5. HP: 40/46 MP: 5/5
  3638 | D:3      | Found a runed translucent door.
  3639 | D:3      | Noticed Crazy Yiuf
  3721 | D:3      | Reached skill level 5 in Axes
  3795 | D:3      | Identified the +10 falchion of the Key {holy, rC+ rN++}
  4025 | D:3      | Killed Crazy Yiuf
  4026 | D:3      | Reached XP level 6. HP: 37/53 MP: 6/6
  4751 | D:4      | Reached skill level 1 in Long Blades
  4840 | D:4      | Noticed an ice beast
  4849 | D:4      | Killed an ice beast
  4850 | D:4      | Reached skill level 2 in Long Blades
  4850 | D:4      | Reached XP level 7. HP: 60/60 MP: 7/7
  5503 | D:5      | Reached skill level 3 in Long Blades
  5516 | D:5      | Noticed Edmund
  5529 | D:5      | Killed Edmund
  5530 | D:5      | Reached skill level 5 in Fighting
  5630 | D:5      | Reached skill level 5 in Armour
  5784 | D:5      | Noticed Menkaure
  5815 | D:5      | Reached skill level 4 in Long Blades
  5815 | D:5      | Reached XP level 8. HP: 56/68 MP: 8/8
  5858 | D:5      | Killed Grinder
  5859 | D:5      | Reached skill level 5 in Long Blades
  6854 | D:6      | Killed Menkaure
  6855 | D:6      | Reached skill level 6 in Long Blades
  6955 | D:6      | Reached XP level 9. HP: 39/73 MP: 9/9
  7365 | D:6      | Reached skill level 7 in Long Blades
  7787 | D:7      | Reached skill level 5 in Stealth
  7847 | D:7      | Found a transporter.
  7888 | D:7      | Found a transporter.
  8671 | D:8      | Found Xobaluqich's Antique Weapon Emporium.
  8795 | D:8      | Reached skill level 8 in Long Blades
  9303 | D:8      | Noticed a two-headed ogre
  9311 | D:8      | Killed a two-headed ogre
  9312 | D:8      | Reached XP level 10. HP: 73/88 MP: 10/10
  9782 | D:9      | Reached skill level 9 in Long Blades
  9866 | D:9      | Noticed a centaur warrior
  9881 | D:9      | Killed a centaur warrior
  9882 | D:9      | Reached skill level 1 in Shields
 10146 | D:9      | Reached skill level 10 in Long Blades
 10912 | D:10     | Entered Level 10 of the Dungeon
 11194 | D:10     | Noticed Joseph
 11215 | D:10     | Killed Joseph
 11253 | D:10     | Found a portal to a secret trove of treasure.
 11334 | D:10     | Found a radiant altar of Vehumet.
 11366 | D:10     | Reached XP level 11. HP: 77/95 MP: 11/11
 12055 | D:11     | Found a staircase to the Lair.
 12072 | D:11     | Found a roughly hewn altar of Beogh.
 12098 | D:11     | Reached skill level 11 in Long Blades
 12151 | D:11     | Became a worshipper of Beogh the Brigand
 12475 | D:11     | HP: 1/97 [komodo dragon (19)]
 13226 | D:12     | Noticed a boulder beetle
 13335 | D:12     | Noticed Nergalle
 13350 | D:12     | Killed Nergalle
 13365 | D:12     | Noticed a brown ugly thing
 13389 | D:12     | Mangled by a brown ugly thing

Illustrated notes

Levels and vault maps discovered:
D:1:      wheals_arrival_shading, layout_basic, serial_forest,
          infiniplex_forest_straight_4, infiniplex_forest_lined_room_2,
          infiniplex_forest_lined_1, infiniplex_forest_fountain,
          infiniplex_forest_corner_1, infiniplex_forest_straight_4,
          moated_statue
D:2:      layout_loops_ring, shapermc_ecumenical_altar_mp_highgroup,
          serial_shops, nicolae_shop_waterfront
D:3:      layout_loops_cross, uniq_crazy_yiuf_cottage, uniq_natasha
D:4:      layout_basic, cheibrodos_sewer_entry_bend
D:5:      layout_basic, temple_doors_e, nicolae_shop_clearance, uniq_grinder,
          uniq_menkaure, uniq_edmund
D:6:      layout_basic
D:7:      layout_basic, gammafunk_ghost_gnarly_gnolls
D:8:      layout_basic, serial_shops, nicolae_shop_trees, nicolae_sextant,
          supply_closet_lemuel
D:9:      layout_irregular_city
D:10:     layout_roguey, vehumet_crystals, enter_trove_1, uniq_joseph
D:11:     layout_loops_corners, lair_entry_dummy, special_room
          [special_room_orc], eino_jars
D:12:     layout_basic, erik_orc_1, gauntlet_entry_generic, grunt_gozag_statues,
          uniq_nergalle
Temple:   mainiacjoe_temple_hex_bubbles

Skill      XL: |  1  2  3  4  5  6  7  8  9 10 11 |
---------------+----------------------------------+-----
Armour         | 1 2 3 5 6 8 9 |  9.7
Axes           | 3 4 5 6 |  6.0
Fighting       | 4 5 6 7 8 9 |  9.7
Dodging        | 2 3 4 |  4.4
Long Blades    | 2 4 6 8 10 11 | 11.5
Stealth        | 5 |  5.2
Shields        | 2 4 |  4.0

Action                   |  1- 3 |  4- 6 |  7- 9 | 10-12 || total
-------------------------+-------+-------+-------+-------++-------
Melee: Hand axe          |   131 |    12 |       |       ||   143
       Punch             |     2 |     1 |     1 |       ||     4
       Battleaxe         |       |    52 |       |       ||    52
       Falchion          |       |    42 |   230 |   314 ||   586
  Use: Scroll            |     5 |       |     6 |     6 ||    17
       Potion            |     1 |     1 |     2 |     2 ||     6
 Stab: Sleeping          |     3 |       |     3 |     1 ||     7
Armor: Leather armour    |    16 |       |       |       ||    16
       Ring mail         |    30 |     1 |       |       ||    31
       Scale mail        |       |    44 |   106 |   130 ||   280
Dodge: Dodged            |   100 |    59 |   140 |   132 ||   431
Block: Kite shield       |       |       |     5 |   165 ||   170
